 Dungeon Crawl Stone Soup version 0.29.1-1-gd02db69 (webtiles) character file.

Game seed: 9876122573265292907

4785 ZNork the Cleaver (level 10, -3/90 HPs)
             Began as a Minotaur Berserker on Nov 30, 2022.
             Was an Elder of Trog.
             Slain by a ten-headed hydra (8 damage)
             ... on level 9 of the Dungeon.
             The game lasted 00:37:51 (8704 turns).

ZNork the Cleaver (Minotaur Berserker)              Turns: 8704, Time: 00:37:52

Health: -3/90      AC: 20    Str: 26    XL:     10   Next: 24%
Magic:  9/9        EV:  4    Int:  4    God:    Trog [****..]
Gold:   408        SH: 11    Dex: 10    Spells: 9/9 levels left

rFire   + . .      SeeInvis +   R - +2 war axe
rCold   . . .      Faith    .   U - +0 tower shield
rNeg    . . .      Spirit   .   B - +1 plate armour {rF+}
rPois   .          Reflect  .   (helmet restricted)
rElec   .          Harm     .   (no cloak)
rCorr   .          Rampage  .   (no gloves)
Will    .....                   f - +0 pair of boots
Stlth   ..........              c - amulet of the acrobat
HPRegen 0.25/turn               d - +4 ring of protection
MPRegen 0.11/turn               I - ring of see invisible

@: on berserk cooldown, slowed, very slow
A: horns 2, retaliatory headbutt
a: Renounce Religion, Berserk, Trog's Hand, Brothers in Arms


You were on level 9 of the Dungeon.
You worshipped Trog.
Trog was greatly pleased with you.
You visited 2 branches of the dungeon, and saw 10 of its levels.

You collected 558 gold pieces.
You spent 150 gold pieces at shops.

Inventory:

Hand Weapons
 l - a +0 war axe
 s - a +0 dagger of draining
 N - a +4 short sword
 Q - the +4 dagger of Zuufirok {vamp, Str+3}
   (You found it on level 8 of the Dungeon)

   It occasionally heals its wielder for a portion of the damage dealt when it
   wounds a living foe.
   Str:       It affects your strength (+3).
 R - a +2 war axe (weapon)
 V - a +3 scimitar
Missiles
 r - 2 throwing nets (quivered)
Armour
 f - a +0 pair of boots (worn)
 B - a +1 plate armour of fire resistance (worn)
 U - a +0 tower shield (worn)
Magical Staves
 E - a staff of fire
Jewellery
 c - an amulet of the acrobat (around neck)
 d - a +4 ring of protection (left hand)
 w - a +6 ring of intelligence
 I - a ring of see invisible (right hand)
 J - a ring of fire
Wands
 v - a wand of paralysis (8)
 H - a wand of digging (7)
 O - a wand of roots (12)
 T - a wand of polymorph (8)
Scrolls
 a - a scroll of fear {unknown}
 e - a scroll of blinking {unknown}
 g - 5 scrolls of amnesia
 i - 10 scrolls of identify
 j - 2 scrolls of summoning
 m - a scroll of teleportation {unknown}
 n - 2 scrolls of enchant weapon {unknown}
 t - a scroll of noise {unknown}
 u - a scroll of magic mapping {unknown}
 y - 2 scrolls of poison {unknown}
 C - a scroll of vulnerability {unknown}
 D - 2 scrolls of fog {unknown}
 K - 2 scrolls of torment {unknown}
 L - a scroll of immolation {unknown}
 P - a scroll of enchant armour {unknown}
Potions
 b - 2 potions of degeneration {unknown}
 h - 2 potions of berserk rage
 k - 2 potions of heal wounds {unknown}
 o - a potion of might {unknown}
 p - 2 potions of mutation {unknown}
 q - 2 potions of magic {unknown}
 x - a potion of ambrosia {unknown}
 z - a potion of lignification {unknown}
 A - a potion of flight {unknown}
 F - a potion of resistance {unknown}
 G - a potion of invisibility {unknown}
 S - a potion of haste {unknown}
Miscellaneous
 M - a piece from Xom's chessboard (15/15)
 W - a condenser vane


   Skills:
 + Level 8.7 Fighting
 + Level 12.4 Axes
 + Level 9.9 Armour
 + Level 3.6 Dodging
 + Level 1.0 Stealth
 + Level 3.4 Shields


You had 9 spell levels left.
You didn't know any spells.
Your spell library contained the following spells:

 Spells                   Type           Power      Damage    Failure   Level
 Apportation              Tloc           0%         N/A       100%        1
 Necrotise                Necr           0%         1d4       100%        1
 Slow                     Hex            0%         N/A       100%        1
 Summon Small Mammal      Summ           0%         N/A       100%        1
 Static Discharge         Conj/Air       0%         3-3/arc   100%        2
 Sublimation of Blood     Necr           0%         N/A       100%        2
 Confusing Touch          Hex            0%         N/A       100%        3
 Gell's Gravitas          Tloc           0%         N/A       100%        3
 Lesser Beckoning         Tloc           0%         N/A       100%        3
 Teleport Other           Tloc           0%         N/A       100%        3
 Vampiric Draining        Necr           0%         2d6       100%        3
 Anguish                  Hex/Necr       0%         N/A       100%        4
 Corpse Rot               Necr/Pois/Air  0%         N/A       100%        4
 Lightning Bolt           Conj/Air       0%         1d11      100%        5
 Enfeeble                 Hex            0%         N/A       100%        7
 Borgnjor's Revivificati  Necr           0%         N/A       100%        8
 Maxwell's Capacitive Co  Air            0%         ∞         100%        8


Dungeon Overview and Level Annotations

Branches:
Dungeon (9/15)             Temple (1/1) D:6
   Lair: D:8-11         Orc: D:9-12

Altars:
Ashenzari
Cheibriados
Dithmenos
Gozag
Hepliaklqana
Kikubaaqudgha
Okawaru
Qazlal
Sif Muna
Trog
Uskayaw
Vehumet
Wu Jian
Xom
Yredelemnul
Zin
The Shining One

Shops:
D:2 =   D:3 *:=!**   D:8 [


Innate Abilities, Weirdness & Mutations

You have a pair of horns on your head.
You reflexively headbutt those who attack you in melee.


Message History

The nine-headed hydra bites you but does no damage. x3
Unknown command.
You hack one of the nine-headed hydra's heads off!
The eight-headed hydra grows two more!
You slash the ten-headed hydra!
The ten-headed hydra is moderately wounded.
The ten-headed hydra bites you but does no damage. x2
The ten-headed hydra bites you!
* * * LOW HITPOINT WARNING * * *
The ten-headed hydra bites you but does no damage.
You block the ten-headed hydra's attack.
The ten-headed hydra bites you but does no damage.
You block the ten-headed hydra's attack.
The ten-headed hydra bites you but does no damage. x2
The ten-headed hydra bites you.
* * * LOW HITPOINT WARNING * * *
Unknown command.
You are too berserk!
Unknown command.
You feel a strong urge to attack something.
You feel your anger nearly subside.
You are no longer berserk.
You are exhausted.
You feel yourself slow down.
As you read the scroll labelled OXIRUE XE BUAXAMU, it crumbles to dust.
Wisps of shadow whirl around you...
Your orc wizard dissolves into shadows!
It was a scroll of summoning.
The ten-headed hydra bites you but does no damage.
You block the ten-headed hydra's attack.
The ten-headed hydra bites you but does no damage.
You block the ten-headed hydra's attack.
The ten-headed hydra bites you but does no damage.
You block the ten-headed hydra's attack. x2
The ten-headed hydra bites you but does no damage. x2
You block the ten-headed hydra's attack.
The ten-headed hydra attacks as you move away!
The ten-headed hydra bites you but does no damage. x2
You block the ten-headed hydra's attack.
The ten-headed hydra bites you!
You die...

.#.#.#.#...#.##.##.#####.#####.#
...#.......#.##.#..............#
.#.#..)#........#................
.###...#..##.####..###........###
.# #...#..#...###..# #........#
.# #<..#..#....K#.####........#
.# ##..#..#...#..oK...........#
.####..#.....K(lK..K..........#
.......#####.#..@...o.##......#
....#..#.......D.o..[....####.#
....#..#.#####..########## .#
....#.........o.#
....##........#.#
....##........#.#
######........#.# #........#.#
###.######.#


You could see a ten-headed hydra (ally target), a friendly orc warrior
(summoned), a friendly wyvern (summoned), a friendly kobold brigand (summoned),
a friendly orc priest (summoned), 2 friendly orcs and 4 friendly kobolds.

Vanquished Creatures
  A kobold demonologist (D:9)
  Prince Ribbit (D:5)
  A hornet (D:8)
  A shadow (D:9)
  5 yaks (D:9)
  Eustachio (D:6)
  2 steam dragons
  Menkaure (D:5)
  3 water moccasins
  3 ice beasts
  3 orc warriors
  An ogre (D:5)
  A black bear (D:8)
  2 centaurs
  A phantom (D:6)
  Blork the orc (D:5)
  2 bullfrogs
  A scorpion (D:6)
  6 wights (D:8)
  5 killer bees (D:9)
  2 howler monkeys
  3 hounds
  3 jellies
  2 orc priests
  3 iguanas
  An orc wizard (D:7)
  A killer bee zombie (D:8)
  3 gnolls (D:3)
  13 adders
  2 white imps
  A worm (D:2)
  3 dart slugs (D:1)
  22 orcs
  3 endoplasms
  3 giant cockroaches
  4 goblins
  14 hobgoblins
  6 jackals
  4 kobolds
  7 quokkas
  3 ball pythons
  9 bats
  4 frilled lizards
  4 rats
162 creatures vanquished.

Notes
Turn   | Place    | Note
-------+----------+-------------------------------------------
     0 | D:1      | ZNork the Minotaur Berserker began the quest for the Orb.
     0 | D:1      | Reached XP level 1. HP: 19/19 MP: 0/0
   352 | D:1      | Reached skill level 4 in Axes
   352 | D:1      | Reached XP level 2. HP: 25/27 MP: 1/1
   763 | D:1      | Reached XP level 3. HP: 30/33 MP: 2/2
  1322 | D:2      | Reached ** piety under Trog
  1358 | D:2      | Reached XP level 4. HP: 36/41 MP: 3/3
  1361 | D:2      | Got Icaesei's Papyrus of the Sepulchral Excursion
  1708 | D:2      | Found Itos Ozixoul's Jewellery Boutique.
  1809 | D:3      | Found a stormy altar of Qazlal.
  1810 | D:3      | Found a hide-covered altar of Uskayaw.
  1881 | D:3      | Found a faded altar of an unknown god.
  1965 | D:3      | Found Kytasutz's General Store.
  2137 | D:3      | Found Qelacs's Vocational Training.
  2162 | D:3      | Reached skill level 5 in Fighting
  2162 | D:3      | Reached skill level 5 in Axes
  2198 | D:3      | Found Osteuk Woru's Jewellery Emporium.
  2223 | D:3      | Found Zaiwkaz's Distillery.
  2291 | D:3      | Found Elulowk's Assorted Antiques.
  2330 | D:3      | Reached XP level 5. HP: 48/48 MP: 4/4
  2442 | D:3      | Found Utotix's Assorted Antiques.
  2784 | D:4      | You fall into a shaft and drop 3 floors!
  2838 | D:7      | Reached XP level 6. HP: 44/56 MP: 5/5
  3009 | D:7      | Noticed an ice beast
  3187 | D:7      | Killed an ice beast
  3188 | D:7      | Reached skill level 6 in Axes
  3416 | D:7      | Noticed a water moccasin
  3425 | D:7      | Killed a water moccasin
  3426 | D:7      | Reached XP level 7. HP: 45/62 MP: 6/6
  3616 | D:7      | Reached skill level 7 in Axes
  3616 | D:7      | Reached skill level 5 in Armour
  3823 | D:7      | Reached *** piety under Trog
  3837 | D:7      | Reached skill level 8 in Axes
  4127 | D:5      | Entered Level 5 of the Dungeon
  4148 | D:5      | Reached XP level 8. HP: 63/71 MP: 7/7
  4203 | D:5      | Found a shimmering altar of Xom.
  4593 | D:3      | Bought a ring of see invisible for 150 gold pieces
  4662 | D:4      | Found a radiant altar of Vehumet.
  5046 | D:5      | Noticed Blork the orc
  5055 | D:5      | Killed Blork the orc
  5056 | D:5      | Reached skill level 9 in Axes
  5095 | D:5      | Noticed Menkaure
  5101 | D:5      | Killed Menkaure
  5341 | D:5      | Noticed Prince Ribbit
  5372 | D:5      | Killed Prince Ribbit
  5373 | D:5      | Reached skill level 10 in Axes
  5634 | D:6      | Found a staircase to the Ecumenical Temple.
  5681 | Temple   | Entered the Ecumenical Temple
  6007 | D:6      | Reached XP level 9. HP: 79/79 MP: 8/8
  6105 | D:6      | Noticed Eustachio
  6114 | D:6      | Killed Eustachio
  6644 | D:8      | Identified the +4 dagger of Zuufirok {vamp, Str+3}
  6750 | D:8      | Reached skill level 11 in Axes
  6754 | D:8      | Reached **** piety under Trog
  6828 | D:8      | Found Cauh's Superior Scales.
  7259 | D:8      | Paralysed by a hornet for 2 turns
  7262 | D:8      | HP: 4/81 [hornet (12)]
  7269 | D:8      | HP: 4/81 [centaur/arrow (3)]
  7275 | D:8      | Reached skill level 1 in Shields
  8240 | D:9      | Reached skill level 12 in Axes
  8293 | D:9      | Reached skill level 1 in Stealth
  8298 | D:9      | Reached XP level 10. HP: 70/90 MP: 9/9
  8465 | D:9      | Noticed a smoke demon
  8472 | D:9      | Noticed a rust devil
  8679 | D:9      | Noticed a six-headed hydra
  8693 | D:9      | HP: 4/135 [ten-headed hydra (3)]
  8704 | D:9      | Slain by a ten-headed hydra

Illustrated notes

Levels and vault maps discovered:
D:1:      dpeg_arrival_rooms_b, layout_loops_corners
D:2:      minmay_skewed_foursquare, layout_rooms, serial_shops, shop,
          grunt_ministairs_10
D:3:      layout_basic, chequers_temple_overflow_statue_of_worship,
          serial_shops, nicolae_diamond_shop, nicolae_shop_trees,
          nicolae_shop_waterfront, shop, nicolae_shop_crystal,
          ebering_ecumenical_altar_webs, nicolae_shop_vocational
D:4:      layout_cave_pods, nicolae_vehumet_altar_sigil, serial_park,
          serial_park_avenue1, serial_park_square2
D:5:      layout_cave_pools, xom_butterflies, minmay_crystal_room,
          uniq_menkaure, uniq_prince_ribbit1, uniq_blork_the_orc
D:6:      layout_cave_pods, minmay_temple_entry_purple_smoke, uniq_eustachio
D:7:      layout_loops_cross
D:8:      layout_loops_ring, serial_undead, serial_undead_e, serial_undead_e,
          serial_undead_f, serial_undead_b, hellmonk_scale_shop
D:9:      layout_basic
Temple:   nicolae_temple_figure_eight

Skill      XL: |  1  2  3  4  5  6  7  8  9 10 |
---------------+-------------------------------+-----
Axes           | 4 5 6 8 10 12 | 12.4
Fighting       | 4 5 6 7 8 |  8.7
Armour         | 3 4 6 7 9 |  9.9
Dodging        | 3 |  3.6
Shields        | 2 3 |  3.4
Stealth        | 1 |  1.0

Action                   |  1- 3 |  4- 6 |  7- 9 | 10-12 || total
-------------------------+-------+-------+-------+-------++-------
Melee: Hand axe          |    93 |     7 |       |       ||   100
       Headbutt          |    11 |    18 |    34 |    11 ||    74
       Punch             |     2 |     3 |     1 |       ||     6
       War axe           |       |    92 |   278 |    44 ||   414
  Use: Scroll            |       |       |     3 |     1 ||     4
       Potion            |       |       |     7 |     1 ||     8
Armor: Ring mail         |    28 |       |       |       ||    28
       Animal skin       |     2 |       |       |       ||     2
       Chain mail        |    14 |    37 |       |       ||    51
       Plate armour      |       |    20 |   164 |    55 ||   239
Dodge: Dodged            |    80 |    77 |   111 |    10 ||   278
Block: Tower shield      |       |       |    44 |    43 ||    87
       Buckler           |       |       |     7 |       ||     7
